 Dungeon Crawl Stone Soup version 0.31.0-9-g3a7656b989 (webtiles) character file.

Game seed: 10155832986749939941

54 qw the Shooter (level 3, -3/18 HPs)
             Began as a Spriggan Hunter on Feb 2, 2024.
             Incinerated by a bombardier beetle (6 damage)
             ... with a burning spray
             ... on level 3 of the Dungeon.
             The game lasted 00:00:05 (1393 turns).

qw the Shooter (Spriggan Hunter)                    Turns: 1393, Time: 00:00:05

Health: -3/18      AC:  2    Str:  7    XL:     3   Next: 66%
Magic:  4/4        EV: 19    Int: 10    God:
Gold:   124        SH:  0    Dex: 20    Spells: 2/2 levels left

rFire   . . .        a - +0 shortbow
rCold   . . .        (shield currently unavailable)
rNeg    . . .        c - +0 robe
rPois   .            (helmet restricted)
rElec   .            (no cloak)
rCorr   .            (gloves unavailable)
SInv    +            (boots unavailable)
Will    .....        (no amulet)
Stlth   +            (no ring)
HPRegen 0.23/turn    (no ring)
MPRegen 0.09/turn

%: no passive effects
@: on fire, glowing, very quick
A: very small, no large weapons, unfitting armour, see invisible, speed 3
a: no special abilities


You were on level 3 of the Dungeon.
You visited 1 branch of the dungeon, and saw 3 of its levels.

You collected 124 gold pieces.


Innate Abilities, Weirdness & Mutations

You are very small and have problems with some larger weapons.
You are too small for most types of armour.
You have supernaturally acute eyesight. (SInv)
You cover ground extremely quickly. (Speed+++)


   Skills:
 - Level 1.5 Fighting
 + Level 4.9 Ranged Weapons
 - Level 4.0 Dodging
 - Level 1.5 Stealth


You had 2 spell levels left.
You didn't know any spells.
Your spell library was empty.

Inventory:

Hand Weapons
 a - a +0 shortbow (weapon)
Armour
 c - a +0 robe (worn)
Scrolls
 b - a scroll of identify
Potions
 d - 3 potions of might
 i - 2 potions of curing {unknown}
 k - a potion of heal wounds {unknown}
 l - a potion of ambrosia {unknown}

Dungeon Overview and Level Annotations

Branches:
Dungeon (3/15)

Altars:

Shops:
D:1 ?


Message History

The hobgoblin completely misses you.
You shoot an arrow. The arrow hits the hobgoblin!
You kill the hobgoblin!
You see here a +0 leather armour.
You now have 124 gold pieces (gained 9).
A bat comes into view.
You shoot an arrow. The arrow hits the bat.
The bat is severely wounded.
You shoot an arrow. The arrow hits the bat.
You kill the bat!
i - 2 fuming inky potions (gained 1)
Found a dagger.
You see here a +0 dagger.
You see here a +0 dagger.
A hobgoblin comes into view.
You shoot an arrow. The arrow hits the hobgoblin.
The hobgoblin shouts!
The hobgoblin is almost dead.
You shoot an arrow. The arrow closely misses the hobgoblin.
You shoot an arrow. The arrow closely misses the hobgoblin.
You shoot an arrow. The arrow barely misses the hobgoblin.
You shoot an arrow. The arrow hits the hobgoblin!
You kill the hobgoblin!
A bombardier beetle comes into view.
The bombardier beetle sprays incendiary fluid at you.
The burning spray hits you.
You are covered in liquid fire!
You shoot an arrow. The arrow hits the bombardier beetle!
The bombardier beetle is heavily wounded.
The liquid fire burns you!
You shoot an arrow.
The arrow barely misses the bombardier beetle.
The liquid fire burns you!
You shoot an arrow.
The arrow closely misses the bombardier beetle.
The liquid fire burns you!
You shoot an arrow. The arrow hits the bombardier beetle.
The bombardier beetle is almost dead.
The liquid fire burns you!
You die...

#.#.# # ##... #.#.#
.##... #.#.# ......
#.## ####.# ...
##.## .. #.## #B
##.##
#.###############)#
#.@................
###################


You could see a bombardier beetle.

Vanquished Creatures
  A dart slug (D:3)
  An orc (D:3)
  5 ball pythons
  8 bats
  5 endoplasms
  2 giant cockroaches (D:1)
  3 goblins (D:1)
  9 hobgoblins
  2 quokkas (D:2)
  2 frilled lizards
  2 kobolds (D:1)
  5 rats
45 creatures vanquished.

Notes
Turn   | Place    | Note
-------+----------+-------------------------------------------
     0 | D:1      | qw the Spriggan Hunter began the quest for the Orb.
     0 | D:1      | Reached XP level 1. HP: 10/10 MP: 2/2
     0 | D:1      | 0 ||| qw: Version: 0.3-a-155-g5e7d8dd
     0 | D:1      | 0 ||| qw: Game counter: 243
     0 | D:1      | 0 ||| qw: Melee chars always use a shield: true
     0 | D:1      | 0 ||| qw: God list: Okawaru
     0 | D:1      | 0 ||| qw: Allow faded altars: false
     0 | D:1      | 0 ||| qw: Do Orc after clearing Dungeon:15 true
     0 | D:1      | 0 ||| qw: Do second Lair branch before Depths: true
     0 | D:1      | 0 ||| qw: Lair rune preference: random
     0 | D:1      | 0 ||| qw: Goals: Normal
     0 | D:1      | 0 ||| PLANNING D:1-11
    48 | D:1      | Reached skill level 3 in Dodging
    52 | D:1      | Found Gigg's Magic Scroll Boutique.
    57 | D:1      | 57 ||| SHOPLISTING scroll of teleportation (30 gold, have
                  | 0).
   164 | D:1      | Reached XP level 2. HP: 14/14 MP: 3/3
   620 | D:1      | 620 ||| READING scroll labelled REASKEA CIWIUSM.
   623 | D:1      | 623 ||| READING 2 scrolls labelled ZUPSAYNN JIRGH.
   624 | D:1      | 624 ||| READING 2 scrolls labelled FOPRIY ZITI.
   624 | D:1      | 624 ||| IDENTIFYING bubbling amethyst potion
   625 | D:1      | 625 ||| READING scroll of identify.
   625 | D:1      | 625 ||| IDENTIFYING murky puce potion
   626 | D:1      | 626 ||| DROPPING scroll of butterflies.
   627 | D:1      | 627 ||| DROPPING scroll of blinking.
   628 | D:1      | 628 ||| DROPPING potion of attraction.
   653 | D:2      | Reached XP level 3. HP: 18/18 MP: 4/4
  1122 | D:2      | 1122 ||| READING 2 scrolls labelled NIXKAA HEURCH.
  1123 | D:2      | 1123 ||| READING 2 scrolls labelled NANLIS FEIFYOV.
  1124 | D:2      | 1124 ||| READING scroll labelled NUPLAT HAEF.
  1124 | D:2      | 1124 ||| ENCHANTING +0 shortbow.
  1125 | D:2      | 1125 ||| READING scroll labelled HIUDAR XIMA.
  1126 | D:2      | 1126 ||| READING scroll labelled OHOG LUSIUZEDOMM.
  1227 | D:2      | 1227 ||| READING scroll labelled ZIELLAHOAN.
  1228 | D:2      | 1228 ||| DROPPING scroll of revelation.
  1229 | D:2      | 1229 ||| DROPPING scroll of poison.
  1392 | D:3      | HP: 3/18 [burnt (6)]
  1393 | D:3      | Incinerated by a bombardier beetle

Levels and vault maps discovered:
D:1:      erik_arrival_triangle_medium, layout_loops_ring, serial_shops,
          nicolae_shop_rolling_square
D:2:      layout_basic, minmay_misc_feat_ornament
D:3:      layout_loops_ring, riverfiend_overflow_shadow_ancestor, tso_altar,
          serial_shops, nicolae_shop_tiny_waterfront

Skill      XL: |  1  2 |
---------------+-------+-----
Dodging        | 3 4 |  4.0
Fighting       | |  1.5
Ranged Weapons | |  4.9
Stealth        | |  1.5

Action                     || total
---------------------------++-------
   Fire: Shortbow          ||   134
    Use: Scroll            ||    10
 Armour: Robe              ||    15
  Dodge: Dodged            ||    40

Table legend:
 A = Non-vault XP
 B = Vault XP
 C = Vault XP percentage of total XP
 D = Non-vault monster count
 E = Vault monster count
 F = Vault count percentage of total count
                 A         B        C        D         E       F
            +---------+---------+-------+---------+---------+-------
      Total |      78 |       0 |   0.0 |      45 |       0 |   0.0
            +---------+---------+-------+---------+---------+-------
        D:1 |      38 |       0 |   0.0 |      23 |       0 |   0.0
        D:2 |      24 |       0 |   0.0 |      15 |       0 |   0.0
        D:3 |      16 |       0 |   0.0 |       7 |       0 |   0.0
            +---------+---------+-------+---------+---------+-------
